 Dungeon Sprint DCSS version 0.17-a0-1718-g72dbe4d (webtiles) character file.

800000 ztt the Politician (level 14, -19/96 HPs)
             Began as a Ghoul Wanderer on Aug 25, 2015.
             Was a Follower of Makhleb.
             Demolished by a meat berserker
             ... wielding a +9 battleaxe
              (72 damage)
             ... in the Dungeon (Sprint VIII: "Arena of Blood").
             The game lasted 00:00:21 (8 turns).

ztt the Politician (Ghoul Wanderer)                    Turns: 8, Time: 00:00:22

Health: -19/96     AC:  2    Str: 25    XL:     14   Next: 66%
Magic:  13/13      EV: 14    Int:  6    God:    Makhleb [*.....]
Gold:   0          SH:  0    Dex:  5    Spells: 0 memorised, 13 levels left

rFire  . . .     SeeInvis .     k - +∞ Axe of Woe
rCold  + . .     Clarity  .     d - +0 robe
rNeg   + + +     SustAt   .     (no shield)
rPois  ∞         Gourm    .     (no helmet)
rElec  .         Spirit   .     (no cloak)
rCorr  .         Warding  .     (no gloves)
rMut   .         NoTele   +     (no boots)
MR     +....                    (no amulet)
Stlth  ++++......               (no ring)
                                (no ring)

@: rotting, somewhat resistant to hostile enchantments, stealthy
A: rotting body, claws 1, carnivore 3, cold resistance 1, negative energy
resistance 3, slow healing 1, torment resistance, unbreathing
a: Renounce Religion


You were in the Dungeon.
You worshipped Makhleb.
Makhleb was aware of your devotion.
You were not hungry.

You visited 1 branch

Inventory:

Hand weapons
 a - a +2 short sword
 k - the +∞ Axe of Woe (weapon)
   (You found it in the Dungeon)
Armour
 d - a +0 robe (worn)
Scrolls
 b - a scroll of teleportation
 j - a scroll of blinking
Potions
 c - 2 potions of curing
 f - a potion of heal wounds
 g - a potion of haste
 h - 2 potions of magic
 i - a potion of berserk rage
Comestibles
 e - a meat ration


   Skills:
 + Level 1.1 Fighting
 O Level 27 Short Blades
 + Level 11.3 Axes
 + Level 11.8 Throwing
 + Level 11.5 Dodging
 + Level 11.1 Stealth
 + Level 1.1 Unarmed Combat
   Level 1.0 Evocations


You had 13 spell levels left.
You didn't know any spells.

Dungeon Overview and Level Annotations

Branches:
Dungeon (1/1)

Altars:
Makhleb


Innate Abilities, Weirdness & Mutations

Your body is rotting away.
You thrive on raw meat.
You are immune to poison.
You have sharp fingernails.
You are carnivorous and can eat meat at any time.
Your flesh is cold resistant.
You are immune to negative energy.
You heal slowly when monsters are visible.
You are immune to unholy pain and torment.
You can survive without breathing.


Message History

You dissect the bag of meat like a pig carcass.
You kill the bag of meat!
Makhleb accepts your kill.
You can now gain health from killing.
You have mastered Short Blades!
Your Axes skill gained 6 levels and is now at level 8!
Your Throwing skill gained 5 levels and is now at level 9!
Your Dodging skill gained 4 levels and is now at level 8!
Your Stealth skill gained 4 levels and is now at level 8!
You have reached level 14!
You slash the bag of meat!
You butcher the bag of meat messily.
You kill the bag of meat!
Makhleb accepts your kill.
Your Axes skill gained 3 levels and is now at level 11!
Your Throwing skill gained 2 levels and is now at level 11!
Your Dodging skill gained 3 levels and is now at level 11!
Your Stealth skill gained 3 levels and is now at level 11!
You hear a shout! x4
The meat berserker hits you with a +9 battleaxe!!!!
Ouch! That really hurt!
You die...

#.. ..# #... ..#
. .###... ..###.
.o......###......
#.. ....._.....
.... #.....#
..... #_.<._# .
......#.....#....
#.....)@)_.......
.......O###......
...###..o ..###.
. #.... ..#
#..... .#
...o....o
...........
..........


You could see a meat berserker (berserk) and 3 bags of meat.

Vanquished Creatures
  An ogre (D)
  2 orcs (D)
3 creatures vanquished.

Notes
Turn   | Place    | Note
--------------------------------------------------------------
     0 | D        | ztt the Ghoul Wanderer began the quest for the Orb.
     0 | D        | ztt set off with: a +2 short sword, a scroll of teleportation, 2 potions of curing, a +0 robe, a meat ration, a potion of heal wounds, a potion of haste, 2 potions of magic, a potion of berserk rage, a scroll of blinking
     0 | D        | Reached XP level 1. HP: 16/16 MP: 0/0
     3 | D        | Noticed a bag of meat
     4 | D        | Noticed a bag of meat
     4 | D        | Became a worshipper of Makhleb the Destroyer
     5 | D        | Noticed a meat berserker
     5 | D        | Killed a meat berserker
     5 | D        | Reached skill level 26 in Short Blades
     5 | D        | Reached XP level 2. HP: 23/23 MP: 1/1
     5 | D        | Reached XP level 3. HP: 28/28 MP: 2/2
     5 | D        | Reached XP level 4. HP: 35/35 MP: 3/3
     5 | D        | Reached XP level 5. HP: 40/40 MP: 4/4
     5 | D        | Reached XP level 6. HP: 47/47 MP: 5/5
     5 | D        | Reached XP level 7. HP: 52/52 MP: 6/6
     5 | D        | Reached XP level 8. HP: 59/59 MP: 7/7
     5 | D        | Reached XP level 9. HP: 64/64 MP: 8/8
     5 | D        | Reached XP level 10. HP: 71/71 MP: 9/9
     5 | D        | Reached XP level 11. HP: 77/77 MP: 10/10
     5 | D        | Reached XP level 12. HP: 83/83 MP: 11/11
     5 | D        | Reached XP level 13. HP: 89/89 MP: 12/12
     7 | D        | Noticed a bag of meat
     7 | D        | Noticed a bag of meat
     7 | D        | Noticed a meat berserker
     7 | D        | Noticed a meat berserker
     7 | D        | Noticed a bag of meat
     8 | D        | Noticed a bag of meat
     8 | D        | Killed a bag of meat
     8 | D        | Acquired Makhleb's first power
     8 | D        | Reached skill level 27 in Short Blades
     8 | D        | Reached XP level 14. HP: 53/96 MP: 13/13
     8 | D        | Killed a bag of meat
     8 | D        | Demolished by a meat berserker

Vault maps used:
D:        meatsprint

Action                   |  1- 3 |  4- 6 |  7- 9 | 10-12 | 13-15 || total
-------------------------+-------+-------+-------+-------+-------++-------
Melee: Executioner's axe |     1 |       |       |       |     1 ||     2
